 Dungeon Crawl Stone Soup version 0.26.0-16-gc1dbca0489 (webtiles) character file.

Game seed: 12717008203910693812

118 vvl the Skirmisher (level 4, -2/40 HPs)
             Began as a Draconian Fighter on Jan 21, 2021.
             Slain by Sigmund
             ... wielding a +0 scythe
              (3 damage)
             ... on level 3 of the Dungeon.
             The game lasted 00:03:34 (1896 turns).

vvl the Skirmisher (Draconian Fighter)              Turns: 1896, Time: 00:03:34

Health: -2/40      AC:  6    Str: 19    XL:     4   Next: 72%
Magic:  4/4        EV: 10    Int:  9    God:
Gold:   169        SH:  9    Dex: 10    Spells: 3/3 levels left

rFire    . . .     SeeInvis .   a - +0 war axe
rCold    . . .     Faith    .   b - +0 kite shield
rNeg     . . .     Spirit   .   (armour unavailable)
rPois    .         Reflect  .   (helmet restricted)
rElec    .         Harm     .   g - +0 cloak
rCorr    +         Rampage  .   (no gloves)
Will     .....                  (no boots)
Stlth    +.........             (no amulet)
HPRegen  0.13/turn              f - ring of resist corrosion
MPRegen  0.09/turn              (no ring)

@: mighty
A: unfitting armour, cold-blooded, AC +5
a: no special abilities


You were on level 3 of the Dungeon.
You visited 1 branch of the dungeon, and saw 3 of its levels.

You collected 169 gold pieces.

Inventory:

Hand Weapons
 a - a +0 war axe (weapon)
Missiles
 j - 38 bolts
Armour
 b - a +0 kite shield (worn)
 g - a +0 cloak (worn)
Jewellery
 f - a ring of resist corrosion (left hand)
Scrolls
 e - a scroll of fog {unknown}
 h - a scroll of blinking {unknown}
 k - a scroll of remove curse {unknown}
 l - 2 scrolls of identify {unknown}
 m - a scroll of magic mapping {unknown}
 n - a scroll of teleportation {unknown}
Potions
 d - 3 potions of flight {unknown}
 i - 2 potions of heal wounds {unknown}
 o - a potion of attraction {unknown}


   Skills:
 + Level 3.8 Fighting
 * Level 3.4 Axes
 + Level 3.1 Dodging
 + Level 3.4 Shields
 + Level 1.5 Evocations


You had 3 spell levels left.
You didn't know any spells.
Your spell library was empty.

Dungeon Overview and Level Annotations

Branches:
Dungeon (3/15)

Altars:

Annotations:
D:3 Sigmund


Innate Abilities, Weirdness & Mutations

Your plain brown scales are hard. (AC +5)
You cannot fit into any form of body armour.
You are cold-blooded and may be slowed by cold attacks.


Message History

You feel less confused.
Your shield prevents you from hitting Sigmund.
You tail-slap Sigmund.
Sigmund is heavily wounded.
You block Sigmund's attack.
You feel very mighty all of a sudden. Sigmund hits you with a +0 scythe!
* * * LOW HITPOINT WARNING * * *
Your shield prevents you from hitting Sigmund.
Sigmund is heavily wounded.
Sigmund hits you with a +0 scythe!
* * * LOW HITPOINT WARNING * * *
You closely miss Sigmund.
Sigmund is heavily wounded.
Sigmund screams, "You will never...
NEVER!!!"
Sigmund misses you.
You closely miss Sigmund.
Sigmund is heavily wounded.
Sigmund hits you with a +0 scythe.
You die...

...........#
........".†#
...........#
...........#
#######†.#.#
#.....#.# #
####.....#.#.###
#........@......
#.......@.......
#........#.#....
#........#.# ...
#####'##.#.# ..
#.......†#.# # .
.######..#.#
#..#.# #..#.#
...#.#


You could see Sigmund.

Vanquished Creatures
  6 adders
  An ooze (D:1)
  4 dart slugs (D:1)
  A leopard gecko (D:1)
  6 bats (D:1)
  A giant cockroach (D:1)
  A goblin (D:2)
  5 hobgoblins
  14 kobolds
  3 quokkas
  6 frilled lizards
  4 rats
52 creatures vanquished.

Notes
Turn   | Place    | Note
-------+----------+-------------------------------------------
     0 | D:1      | vvl the Draconian Fighter began the quest for the Orb.
     0 | D:1      | Reached XP level 1. HP: 19/19 MP: 1/1
   457 | D:1      | Reached XP level 2. HP: 26/26 MP: 2/2
   724 | D:1      | Reached XP level 3. HP: 31/31 MP: 3/3
   755 | D:1      | Reached skill level 1 in Evocations
  1139 | D:2      | Reached XP level 4. HP: 36/40 MP: 4/4
  1875 | D:3      | Noticed Sigmund
  1894 | D:3      | HP: 1/40 [Sigmund/+0 scythe (8)]
  1896 | D:3      | Slain by Sigmund

Illustrated notes

Levels and vault maps discovered:
D:1:      onia_arrival_mini_maze_b, layout_loops_ring
D:2:      layout_rooms
D:3:      layout_basic, wander_ebering_terrifying_dragon_lair, uniq_sigmund,
          uniq_ijyb

Skill      XL: |  1  2  3 |
---------------+----------+-----
Evocations     | 1 |  1.5
Axes           | 3 |  3.4
Dodging        | 3 |  3.1
Fighting       | |  3.8
Shields        | |  3.4

Action                   |  1- 3 |  4- 6 || total
-------------------------+-------+-------++-------
Melee: War axe           |   103 |    76 ||   179
       Tailslap          |     9 |     6 ||    15
  Use: Potion            |       |     1 ||     1
Armor: Skin              |    30 |    25 ||    55
Dodge: Dodged            |    51 |    33 ||    84
Block: Kite shield       |    47 |    34 ||    81
